cohdb
Replays
Latest Replays
All Replays
Popular Replays
Top Player Replays
Match Explorer
How It Works
Community
CoH3 Stats
Reddit
Sign in to upload your games and track your stats! →
Sign in with Steam
Match 43491793
Unlisted
Match 43491793
Overview
Messages
Build Orders
End
Construct Section Command Post
Infantry Section
Infantry Section
Infantry Section
Grenade Package
Selects Indian Artillery Battlegroup
Infantry Section
Infantry Section
Selects Valour
Infantry Section
Construct Platoon Command Post
6-pounder Anti-tank Gun Team
Infantry Section
Selects Gurkha Rifles Section
Construct Company Command Post
Selects Volunteer Infantry
Matilda II Heavy Tank
Matilda II Heavy Tank
Royal Engineer Section
Unlock Towed 17-pounder Anti-tank Guns
Selects Artillery Saturation
Selects Off-map Airburst Barrage
17-pounder Anti-tank Gun Team
Selects Perimeter Monitor
Matilda II Heavy Tank
Matilda II Heavy Tank
Matilda II Heavy Tank
Armored Vehicle Training
Infantry Section
Matilda II Heavy Tank
Off-map Airburst Barrage
Matilda II Heavy Tank
Off-map Airburst Barrage
Off-map Airburst Barrage
KрепкийOрешек
Blockhead2312
Bish Bash Bosh
gicobiwolfe
0
0
Comments
sign in to comment!
No comments posted yet!